 Dungeon Crawl Stone Soup version 0.17-a0-1442-g10bb59b (webtiles) character file.

8577 patman the Fighter (level 11, 0/95 HPs)
             Began as a Mummy Wanderer on June 27, 2015.
             Was a Believer of Ru.
             Slain by an orc (4 damage)
             ... on level 8 of the Dungeon.
             The game lasted 00:32:40 (10488 turns).

patman the Fighter (Mummy Wanderer)                Turns: 10488, Time: 00:32:41

Health: 0/95       AC: 14    Str: 15    XL:     11   Next: 11%
Magic:  11/11      EV: 13    Int: 12    God:    Ru [**....]
Gold:   457        SH:  0    Dex: 15    Spells: 0 memorised, 10 levels left

rFire  x . .     SeeInvis .     a - +1 dagger (drain)
rCold  + + .     Clarity  .     p - +0 ring mail
rNeg   + + +     SustAt   .     (no shield)
rPois  ∞         Gourm    .     (no helmet)
rElec  .         Spirit   .     (no cloak)
rCorr  .         Warding  .     o - +0 pair of gloves
rMut   .         Stasis   .     l - +0 pair of boots
MR     +....                    (no amulet)
Stlth  +.........               A - ring of protection from cold
                                j - +5 ring of protection

@: somewhat resistant to hostile enchantments, very unstealthy
A: no food or potions, fire vulnerability, cold resistance 1, negative energy
resistance 3, torment resistance, unbreathing, inability to read while
threatened, no hexes magic, no poison magic, no summoning magic
a: Renounce Religion


You were on level 8 of the Dungeon.
You worshipped Ru.
Ru was pleased with you.
You were not hungry.

You visited 2 branches of the dungeon, and saw 11 of its levels.

You collected 457 gold pieces.

Inventory:

Hand weapons
 a - a +1 dagger of draining (weapon)
 b - a +0 short sword of flaming
 k - a +2 trident of flaming
 z - a +0 hand axe of distortion
 B - a +3 dire flail of freezing
 C - a cursed +2 scimitar
 F - a +0 falchion of flaming
Armour
 l - a +0 pair of boots (worn)
 o - a +0 pair of gloves (worn)
 p - a +0 ring mail (worn)
 q - a +0 shield
 v - a +0 plate armour
 w - the +0 ring mail of the Gastropod {rElec rC- Int+3}
   (You found it on level 7 of the Dungeon)

   It affects your intelligence (+3).
   It makes you vulnerable to cold.
   It insulates you from electricity.
Jewellery
 j - a +5 ring of protection (left hand)
 m - a +6 ring of strength
 A - a ring of protection from cold (right hand)
Magical devices
 r - a wand of paralysis (14)
 s - a wand of enslavement (11)
 u - a wand of cold (0)
 x - a wand of fire (3)
Scrolls
 d - 2 scrolls of blinking
 e - 3 scrolls of recharging
 f - a scroll of enchant armour
 g - a scroll of fear
 h - 2 scrolls of noise
 i - 4 scrolls of immolation
 n - 6 scrolls of teleportation
 t - a scroll of fog {unknown}
 y - 2 scrolls of remove curse
 E - a scroll of silence {unknown}
Books
 c - a book of Envenomations

   Spells                             Type                      Level
   a - Spider Form                    Transmutation/Poison         3
   b - Alistair's Intoxication        Transmutation/Poison         4
   c - Olgreb's Toxic Radiance        Poison                       4
   d - Poisonous Cloud                Conjuration/Poison/Air       6
 D - a book of the Warp

   Spells                             Type                      Level
   a - Recall                         Summoning/Translocation      3
   b - Gell's Gravitas                Hexes/Translocation          3
   c - Force Lance                    Conjuration/Translocation    4
   d - Phase Shift                    Translocation                5
   e - Warp Weapon                    Charms/Translocation         5
   f - Summon Forest                  Summoning/Translocation      5


   Skills:
 * Level 11.7 Fighting
 - Level 5.2 Short Blades
 * Level 8.4 Armour
 - Level 5.3 Dodging
 - Level 1.5 Stealth


You had 10 spell levels left.
You didn't know any spells.

Dungeon Overview and Level Annotations

Branches:
Dungeon (10/15)            Temple (1/1) D:6
   Lair: D:8-11         Orc: D:9-12

Altars:
Ashenzari
Cheibriados
Dithmenos
Elyvilon
Fedhas
Gozag
Kikubaaqudgha
Makhleb
Nemelex Xobeh
Okawaru
Qazlal
Ru
Sif Muna
Trog
Vehumet
Xom
Yredelemnul
Zin
The Shining One

Shops:
D:5 (

Annotations:
D:3 Sigmund


Innate Abilities, Weirdness & Mutations

You do not eat or drink.
Your flesh is vulnerable to fire.
You are immune to poison.
Your flesh is cold resistant.
You are immune to negative energy.
You are immune to unholy pain and torment.
You can survive without breathing.
You cannot read scrolls while threatened.
You cannot study or cast Hexes magic.
You cannot study or cast Poison magic.
You cannot study or cast Summoning magic.


Message History

Things that are here:
a robe; a dagger The orc wizard casts a spell at you.
The magic dart hits you!
* * * LOW HITPOINT WARNING * * *
You focus your will and illuminate the orc wizard in retribution!
There is a stone staircase leading up here.
The orc hits you but does no damage.
You climb upwards.
There is a stone staircase leading down here.
Unknown command.
Unknown command.
Unknown command.
Unknown command.
You hit the orc.
The orc is moderately wounded.
You hit the orc.
The orc is severely wounded.
The orc hits you.
You die...

##.....##.....#....###().# #.....
#.......#.###..#.#.###.(.###.....
#.......#.###..#.#.#.............
...._.......#..#.#(#...........##
#.......#.#.#....#[#...........#
#.......#.#.#.#..#(#...........#
##.....##.#.#......#...........#
####.####.#.#....o.#...........#
.....†......#...@..#...........#
........######.....#...........#
.............#.....#...........#
.............#.....#...........#
.............#.....#...........#
.............#.....#...........#
.............#.....#...........#
.............#####.#############
...................#


You could see an orc.

Vanquished Creatures
  A hydra (D:9)
  A centaur zombie (D:9)
  3 orange demons (D:9)
  A troll (D:9)
  A polar bear (D:9)
  A deep elf mage (D:9)
  13 yaks
  A steam dragon (D:8)
  2 hungry ghosts
  A wolf (D:9)
  2 orc warriors
  A black bear (D:9)
  5 ice beasts
  2 centaurs (D:8)
  A necrophage (D:6)
  3 ogres
  3 big kobolds (D:9)
  9 giant frogs
  A gnoll sergeant (D:6)
  3 scorpions
  4 killer bees
  3 wights (D:9)
  3 crimson imps (D:5)
  7 hounds
  A jelly (D:6)
  2 orc priests
  Ijyb (D:3)
  3 giant frog skeletons
  2 iguanas
  Terence (D:2)
  2 sheep (D:9)
  8 orc wizards
  6 worker ants
  A giant frog simulacrum (D:9)
  A centaur simulacrum (D:9)
  3 hound skeletons
  A worker ant zombie (D:9)
  11 adders
  9 gnolls
  3 shadow imps
  4 white imps
  An ufetubus (D:9)
  3 oozes
  5 worms
  2 adder zombies
  An adder simulacrum (D:9)
  4 giant geckos
  27 orcs
  A ball python (D:2)
  A bat skeleton (D:5)
  A bat zombie (D:7)
  4 giant cockroaches
  14 hobgoblins
  9 jackals
  2 quokkas
  14 bats
  A giant cockroach zombie (D:6)
  A giant gecko zombie (D:6)
  5 giant newts
  8 goblins
  15 kobolds
  A quokka skeleton (D:9)
  20 rats
  A butterfly (D:6)
272 creatures vanquished.

Notes
Turn   | Place    | Note
--------------------------------------------------------------
     0 | D:1      | patman the Mummy Wanderer began the quest for the Orb.
     0 | D:1      | patman set off with: a +2 short sword, a +0 ring mail, a scroll of teleportation, a +0 dagger
     0 | D:1      | Reached XP level 1. HP: 16/16 MP: 1/1
   148 | D:1      | Reached XP level 2. HP: 16/22 MP: 2/2
   668 | D:2      | Found a sparkling altar of Nemelex Xobeh.
   676 | D:2      | Reached skill level 4 in Short Blades
   893 | D:2      | Reached XP level 3. HP: 25/27 MP: 3/3
  1324 | D:2      | Noticed Terence
  1340 | D:2      | Killed Terence
  1340 | D:2      | Reached XP level 4. HP: 28/33 MP: 4/4
  1445 | D:3      | Noticed Ijyb
  1473 | D:3      | Killed Ijyb
  1473 | D:3      | Reached skill level 5 in Short Blades
  1871 | D:3      | Reached XP level 5. HP: 38/38 MP: 5/5
  1888 | D:3      | Noticed Sigmund
  2198 | D:4      | Noticed an ogre
  2703 | D:4      | Reached XP level 6. HP: 43/47 MP: 6/6
  3094 | D:4      | Killed an ogre
  3439 | D:5      | Entered Level 5 of the Dungeon
  3527 | D:5      | Reached XP level 7. HP: 22/55 MP: 7/7
  3653 | D:5      | Reached skill level 1 in Dodging
  3853 | D:5      | Reached skill level 5 in Fighting
  4185 | D:5      | Found a snail-covered altar of Cheibriados.
  4213 | D:5      | Found Icoelus's Weapon Shop.
  4440 | D:6      | Reached XP level 8. HP: 61/64 MP: 8/8
  4444 | D:6      | Found a blossoming altar of Fedhas.
  4531 | D:6      | Reached skill level 6 in Fighting
  4865 | D:6      | Paralysed by a hobgoblin for 3 turns
  4871 | D:6      | Paralysed by a hobgoblin for 3 turns
  4981 | D:6      | Found a staircase to the Ecumenical Temple.
  5013 | D:6      | Found a shimmering altar of Xom.
  5049 | Temple   | Entered the Ecumenical Temple
  5056 | Temple   | Became a worshipper of Ru the Awakened
  5230 | D:6      | Found a shadowy altar of Dithmenos.
  5831 | D:7      | Reached skill level 7 in Fighting
  5884 | D:7      | Got an amethyst-encrusted ring mail
  5897 | D:7      | Identified the +0 ring mail of the Gastropod {rElec rC- Int+3} (You found it on level 7 of the Dungeon)
  5920 | D:7      | Reached skill level 5 in Dodging
  6229 | D:7      | Reached XP level 9. HP: 63/73 MP: 9/9
  6454 | D:8      | Found a burning altar of Makhleb.
  6497 | D:8      | Reached skill level 8 in Fighting
  6540 | D:8      | Gained mutation: You cannot read scrolls while threatened. [Ru sacrifice]
  6540 | D:8      | Acquired Ru's first power
  7404 | D:9      | Reached skill level 9 in Fighting
  7404 | D:9      | Reached skill level 5 in Armour
  7894 | D:9      | Reached XP level 10. HP: 56/85 MP: 10/10
  7950 | D:9      | Reached skill level 10 in Fighting
  9151 | D:9      | Gained mutation: You cannot study or cast Poison magic. [Ru sacrifice]
  9151 | D:9      | Gained mutation: You cannot study or cast Hexes magic. [Ru sacrifice]
  9151 | D:9      | Gained mutation: You cannot study or cast Summoning magic. [Ru sacrifice]
  9151 | D:9      | Acquired Ru's second power
  9177 | D:9      | Noticed a three-headed hydra
  9345 | D:9      | Killed a three-headed hydra
  9345 | D:9      | Reached skill level 11 in Fighting
  9660 | D:9      | Noticed a centaur zombie
  9688 | D:9      | Killed a centaur zombie
  9870 | D:9      | Reached XP level 11. HP: 93/93 MP: 11/11
  9967 | D:10     | Entered Level 10 of the Dungeon
 10482 | D:9      | HP: 2/95 [orc wizard/magic dart (6)]
 10488 | D:8      | Slain by an orc

Vault maps used:
D:1:      matt_arrival_los_fun, serial_bayou_ford_a
D:2:      nemelex_xobeh_ov_fountains_minmay, uniq_terence
D:3:      uniq_sigmund, uniq_iyjb, uniq_grinder
D:4:      amethyst_killhole
D:5:      cheibriados_altar_1, serial_shops, nicolae_shop_trees, first_bread,
          grunt_ministairs_2
D:6:      xom_butterflies, lemuel_round_altar, minmay_temple_entry_fiery,
          grunt_dithmenos_shadows
D:8:      old_standard_altar
D:9:      serial_ice, serial_ice_m, serial_ice_k, serial_ice_b, serial_ice_g,
          serial_ice_h, serial_ice_d, serial_ice_a, serial_ice_c, serial_ice_f,
          serial_ice_e, hangedman_ranch
D:10:     minmay_beelzebubs_servants
Temple:   nicolae_temple_no_exploring_needed

Action                   |  1- 3 |  4- 6 |  7- 9 | 10-12 || total
-------------------------+-------+-------+-------+-------++-------
Melee: Short sword       |   104 |   160 |   125 |   158 ||   547
       Dagger            |       |   163 |   865 |   439 ||  1467
Invok: Sacrifice Words   |       |       |     1 |       ||     1
       Sacrifice Arcana  |       |       |       |     1 ||     1
Evoke: Wand              |       |       |       |     4 ||     4
  Use: Scroll            |       |     5 |     7 |       ||    12
 Stab: Distracted        |       |       |     1 |     1 ||     2
